 Dungeon Crawl Stone Soup version 0.32-a0-314-g526f7d4993 (webtiles) character file.

Game seed: 1842403182615520269

23711 jasper the Severer (level 12, -1/163 (165) HPs)
             Began as a Mountain Dwarf Fighter on Feb 15, 2024.
             Was a High Priest of Wu Jian.
             Slain by an orc warrior
             ... wielding a +0 hand axe of electrocution
              (8 damage)
             ... on level 2 of the Orcish Mines.
             The game lasted 00:27:14 (15280 turns).

jasper the Severer (Mountain Dwarf Fighter)        Turns: 15280, Time: 00:27:14

HP:   -1/163 (165)  AC: 19    Str: 24    XL:     12   Next: 74%
MP:   12/12         EV:  6    Int:  9    God:    Wu Jian [*****.]
Gold: 787           SH: 13    Dex:  9    Spells: 11/11 levels left

rFire   + + .        a - +0 war axe (flame)
rCold   + + .        D - +2 shield of Resistance {rF++ rC++ Will++}
rNeg    . . .        H - +0 plate armour
rPois   .            (no helmet)
rElec   .            G - +0 cloak
rCorr   .            B - +0 pair of gloves
SInv    .            j - +0 pair of boots
Will    +++..        (no amulet) Stlth
                     q - ring of flight
HPRegen 0.47/turn    (no ring)
MPRegen 0.13/turn

%: no passive effects
@: berserking, flying, lightly drained, very quick
A: runic magic, artefact enchanting
a: Renounce Religion, Wall Jump, Serpent's Lash, Heavenly Storm


You were on level 2 of the Orcish Mines.
You worshipped Wu Jian.
Wu Jian was extremely pleased with you.
You visited 3 branches of the dungeon, and saw 16 of its levels.
You also visited: Sewer.

You collected 787 gold pieces.

Inventory:

Hand Weapons
 a - a +0 war axe of flaming (weapon)
Missiles
 g - a curare-tipped dart (quivered)
 m - 64 poisoned darts
 x - 4 boomerangs
Armour
 b - a +0 scale mail
 c - a +0 buckler
 e - a +0 chain mail
 j - a +0 pair of boots (worn)
 A - an orb of guile
 B - a +0 pair of gloves (worn)
 D - the +2 shield of Resistance (worn) {rF++ rC++ Will++}
   (You acquired it on level 6 of the Dungeon)

   rF++:      It greatly protects you from fire.
   rC++:      It greatly protects you from cold.
   Will++:    It greatly increases your willpower.
 G - a +0 cloak (worn)
 H - a +0 plate armour (worn)
Jewellery
 q - a ring of flight (left hand)
 r - a ring of fire
Wands
 n - a wand of roots (6)
 u - a wand of light (7)
 J - a wand of flame (7)
 L - a wand of paralysis (6)
 M - a wand of digging (7)
Scrolls
 k - 4 scrolls of immolation
 p - 3 scrolls of blinking
 s - 4 scrolls of vulnerability
 t - a scroll of fear
 y - a scroll of revelation
 F - 3 scrolls of teleportation
 N - a scroll of brand weapon
Potions
 d - 5 potions of mutation
 f - 2 potions of enlightenment
 h - 3 potions of might
 i - 2 potions of lignification
 l - a potion of curing
 o - 12 potions of degeneration
 v - 8 potions of haste
 w - a potion of magic
 z - 3 potions of attraction
 C - 5 potions of brilliance
 E - a potion of berserk rage
 K - a potion of heal wounds {unknown}


   Skills:
 + Level 11.4 Fighting
 - Level 16.0 Axes
 + Level 11.3 Armour
 + Level 11.3 Shields


You had 11 spell levels left.
You didn't know any spells.
Your spell library contained the following spells:

 Spells                   Type           Power      Damage    Failure   Level
 Lesser Beckoning         Tloc           0%         N/A       88%         2
 Sublimation of Blood     Necr           0%         N/A       88%         2
 Gell's Gravitas          Tloc           0%         N/A       98%         3
 Teleport Other           Tloc           0%         N/A       98%         3
 Petrify                  Alch/Erth      0%         N/A       100%        4
 Summon Blazeheart Golem  Fire/Summ      0%         N/A       100%        4
 Vhi's Electric Charge    Tloc/Air       0%         N/A       100%        4
 Arcjolt                  Conj/Air       0%         1d10      100%        5
 Irradiate                Conj/Alch      0%         3d11      100%        5
 Plasma Beam              Fire/Air       0%         2x1d10    100%        6
 Orb of Destruction       Conj           0%         9d5       100%        7
 Spellforged Servitor     Conj/Summ      0%         N/A       100%        7


Dungeon Overview and Level Annotations

Branches:
Dungeon (12/15)            Temple (0/1) D:6            Lair (2/5) D:11
    Orc (2/2) D:11          Sewer (visited)
  Swamp: Lair:2-3    Shoals: Lair:2-3     Snake: Lair:2-3    Spider: Lair:2-3
    Elf: Orc:2

Altars:
Elyvilon
Sif Muna
Vehumet
Wu Jian
Beogh
Jiyva

Shops:
D:8 *

Annotations:
D:9 3 runed translucent doors, pokeman's ghost, novice DEHW
Lair:2 Amaemon


Innate Abilities, Weirdness & Mutations

Your spellcasting is much less encumbered by armour.
You can use scrolls of enchantment on lesser artefacts.


Message History

You slash the orc knight! You burn the orc knight.
The orc knight is heavily wounded.
The orc knight hits you with a +0 great mace.
You take 5 damage, and have 49/109 hp.
You hit the orc knight. You burn the orc knight.
The orc knight is heavily wounded.
You hit something. You burn something. Something hits you but does no damage.
The orc knight hits you with a +0 great mace!
You take 11 damage, and have 38/109 hp.
You hit the orc knight but do no damage.
The orc knight is heavily wounded.
You miss something. You slash the orc warrior! You burn the orc warrior.
You block the orc warrior's attack. Something hits you but does no damage.
You block the orc knight's attack.
You hit the orc warrior. You burn the orc warrior.
The orc warrior is heavily wounded.
You hit something. You burn something. You closely miss the orc knight.
You block the orc warrior's attack. Something hits you.
The orc knight hits you with a +0 great mace!!
* * * LOW HITPOINT WARNING * * *
You take 22 damage, and have 16/109 hp.
MASSIVE DAMAGE!!
A red film seems to cover your vision as you go berserk!
You feel yourself moving faster!
You feel mighty!
The orc warrior hits you with a +0 hand axe of electrocution.
* * * LOW HITPOINT WARNING * * *
You are electrocuted!
* * * LOW HITPOINT WARNING * * *
Something hits you but does no damage. You block the orc knight's attack.
You now have 6/163 hp.
You slice the orc knight!! You burn the orc knight.
The orc knight is almost dead.
You closely miss something. You barely miss the orc warrior.
You barely miss the orc knight.
The orc knight is almost dead.
You closely miss something.
You hit the orc warrior but do no damage.
The orc warrior no longer looks unusually strong.
The orc warrior hits you but does no damage.
You are electrocuted!
You die...

# ##......# ..
####....#.## #.
##.##.......#
#.###...#.......#.
#................#
#....)....<...#..
#....)))..........
#......o....##.⌠.#
#.......{@.##.#
..ß
........o...#... .
..#...........⌠.._
.
#...#............
#....##......#ß...
.#### ####...##.⌠.
#... ....


You could see an orc knight and an orc warrior.

Vanquished Creatures
  A hydra (D:11)
  5 two-headed ogres
  An orc sorcerer (Orc:2)
  3 cyclopes (D:11)
  An ugly thing (D:11)
  A manticore (D:11)
  5 elephants (Lair:1)
  2 black mambas (Lair:1)
  A cane toad (Lair:1)
  An orange demon (Lair:1)
  A rime drake (Lair:1)
  Maggie (Lair:1)
  A komodo dragon (Lair:1)
  A kobold demonologist (D:11)
  3 trolls
  4 blink frogs (Lair:1)
  20 yaks
  3 wyverns
  3 basilisks (Lair:1)
  A steam dragon (D:9)
  6 vampire mosquitoes
  6 water moccasins
  A swamp drake (D:11)
  4 ice beasts
  3 ogres
  7 orc warriors
  3 black bears
  A laughing skull (D:11)
  A sky beast (D:7)
  9 centaurs
  4 wolves (Lair:1)
  A phantom (D:6)
  8 bullfrogs
  4 kobold brigands
  2 brain worms (Sewer)
  A gnoll sergeant (D:8)
  4 scorpions
  16 wights
  6 killer bees
  2 howler monkeys
  3 bombardier beetles
  A gnoll bouda (D:7)
  3 jellies
  4 hounds
  8 orc priests
  Terence (D:3)
  3 sleepcaps
  5 iguanas
  16 orc wizards
  10 gnolls
  7 river rats
  20 adders
  A shadow imp (D:7)
  A white imp (D:7)
  4 ribbon worms
  2 dart slugs
  65 orcs
  5 endoplasms
  8 giant cockroaches
  4 goblins
  10 hobgoblins
  4 jackals (D:4)
  23 kobolds
  5 quokkas
  8 ball pythons
  6 bats
  8 frilled lizards
  17 rats
400 creatures vanquished.

Vanquished Creatures (others)
  A vampire mosquito (D:12)
1 creature vanquished.

Grand Total: 401 creatures vanquished

Notes
Turn   | Place    | Note
-------+----------+-------------------------------------------
     0 | D:1      | jasper the Mountain Dwarf Fighter began the quest for the
                  | Orb.
     0 | D:1      | Reached XP level 1. HP: 19/19 MP: 1/1
     3 | D:1      | Noticed an electric eel
     4 | D:1      | Noticed an electric eel
   104 | D:1      | Reached skill level 3 in Axes
   115 | D:1      | Reached XP level 2. HP: 23/26 MP: 2/2
   277 | D:1      | Reached skill level 4 in Axes
   329 | D:1      | Reached XP level 3. HP: 31/31 MP: 3/3
   739 | D:2      | Identified the +1 robe of Patterns {+Inv Dex+5 SInv Stlth-}
   833 | D:2      | Reached skill level 5 in Axes
   854 | D:2      | Reached XP level 4. HP: 31/38 MP: 4/4
  1033 | D:2      | Reached skill level 6 in Axes
  1224 | D:2      | Reached XP level 5. HP: 36/45 MP: 5/5
  1521 | D:3      | Found a shimmering blue altar of Sif Muna.
  1708 | D:3      | Reached skill level 7 in Axes
  1881 | D:3      | Noticed Terence
  1893 | D:3      | Killed Terence
  1894 | D:3      | Reached XP level 6. HP: 35/51 MP: 6/6
  2030 | D:3      | Found a glowing drain.
  2034 | Sewer    | Entered a sewer
  2119 | Sewer    | Reached skill level 8 in Axes
  2394 | Sewer    | Reached skill level 9 in Axes
  2490 | Sewer    | Reached XP level 7. HP: 51/57 MP: 7/7
  3174 | D:4      | Found an ornate altar of the Wu Jian Council.
  3307 | D:4      | Reached skill level 10 in Axes
  3982 | D:4      | Became a worshipper of the Wu Jian Council
  4010 | D:5      | Entered Level 5 of the Dungeon
  4014 | D:4      | Reached skill level 11 in Axes
  4113 | D:5      | Reached XP level 8. HP: 62/63 MP: 8/8
  4134 | D:5      | Identified the +2 long sword "Voevvoq" {spect, *Slow rPois
                  | rN+ Str+2}
  4358 | D:5      | Reached skill level 12 in Axes
  4995 | D:5      | Found a radiant altar of Vehumet.
  5010 | D:5      | Reached * piety under Wu Jian
  5138 | D:6      | Reached skill level 13 in Axes
  5330 | D:6      | Reached skill level 14 in Axes
  5330 | D:6      | Reached XP level 9. HP: 70/70 MP: 9/9
  5497 | D:6      | Found a staircase to the Ecumenical Temple.
  5932 | D:6      | Reached skill level 15 in Axes
  6004 | D:6      | Identified a scroll of acquirement
  6004 | D:6      | Acquired the +2 shield of Resistance {rF++ rC++ Will++}
  6004 | D:6      | Found the +2 shield of Resistance {rF++ rC++ Will++}
  6418 | D:7      | Found a white marble altar of Elyvilon.
  6437 | D:7      | Reached ** piety under Wu Jian
  6793 | D:7      | Reached skill level 16 in Axes
  7413 | D:8      | Reached XP level 10. HP: 80/80 MP: 10/10
  7723 | D:8      | Reached skill level 5 in Fighting
  7723 | D:8      | Reached skill level 5 in Armour
  7723 | D:8      | Reached skill level 5 in Shields
  7911 | D:8      | Identified the +3 quarterstaff of the Dungeon {chaos, rC+}
  8015 | D:8      | Found Aclewn's Overcharged Wands.
  8026 | D:8      | Identified the +1 ring mail "Nikhes" {^Drain rN+ Will+
                  | Str+3}
  8059 | D:8      | Noticed a two-headed ogre
  8071 | D:8      | Killed a two-headed ogre
  8604 | D:9      | Reached *** piety under Wu Jian
  9675 | D:9      | Found a runed translucent gate.
  9676 | D:9      | Found a runed translucent gate.
  9677 | D:9      | Found a runed translucent gate.
  9678 | D:9      | Noticed pokeman's ghost (novice DEHW)
  9751 | D:9      | Found a viscous altar of Jiyva.
  9789 | D:10     | Entered Level 10 of the Dungeon
 10262 | D:10     | Reached XP level 11. HP: 53/92 MP: 11/11
 10945 | D:11     | Noticed an eight-headed hydra
 10954 | D:11     | Killed a three-headed hydra
 11156 | D:11     | Noticed a two-headed ogre
 11189 | D:12     | Reached **** piety under Wu Jian
 11532 | D:11     | Killed a two-headed ogre
 11817 | D:11     | Noticed a two-headed ogre
 11824 | D:11     | Killed a two-headed ogre
 11890 | D:11     | Noticed a two-headed ogre
 11901 | D:11     | Killed a two-headed ogre
 12149 | D:11     | Found a staircase to the Orcish Mines.
 12353 | D:11     | Found a staircase to the Lair.
 12409 | D:11     | Noticed a green ugly thing
 12418 | D:11     | Killed a green ugly thing
 12720 | D:11     | Noticed a two-headed ogre
 12726 | D:11     | Killed a two-headed ogre
 12800 | Lair:1   | Entered Level 1 of the Lair of Beasts
 12812 | Lair:1   | Reached XP level 12. HP: 103/106 MP: 12/12
 12837 | Lair:1   | Identified the +1 robe of Tuarph Kiept {Harm rPois Str+3}
 12863 | Lair:1   | Reached skill level 10 in Fighting
 12879 | Lair:1   | Reached skill level 10 in Armour
 12879 | Lair:1   | Reached skill level 10 in Shields
 14023 | Lair:1   | Noticed Maggie
 14028 | Lair:1   | Killed Maggie
 14530 | Lair:2   | Noticed Amaemon
 15087 | D:11     | Reached ***** piety under Wu Jian
 15099 | Orc:1    | Entered Level 1 of the Orcish Mines
 15252 | Orc:2    | Entered Level 2 of the Orcish Mines
 15254 | Orc:2    | Found a roughly hewn altar of Beogh.
 15278 | Orc:2    | HP: 6/163 [orc warrior/+0 hand axe of electrocution (12)]
 15280 | Orc:2    | Slain by an orc warrior

Illustrated notes

Levels and vault maps discovered:
D:1:      arrival_aquarium_b, layout_rooms, chequers_serial_rivers_micro_e
D:2:      layout_rooms, st_stairs_4, dreamdust_princess_corridor
D:3:      layout_basic, mainiacjoe_overflow_cross_hatched,
          gup_sewer_entry_spiral, chequers_serial_rivers_micro_a,
          hangedman_decor_diamond_cutter, uniq_terence
D:4:      layout_cave_pools, nicolae_overflow_crystal_walls,
          serial_library_hellmonk_open_cross, nicolae_eternal_life
D:5:      layout_basic, mainiacjoe_overflow_surrounded_room, grunt_ministairs_6
D:6:      layout_basic, minmay_temple_entry_glass, kennysheep_generic_room_5
D:7:      layout_basic, mainiacjoe_overflow_catwalk
D:8:      layout_basic, minmay_misc_feat_alley, nicolae_shop_overcharged_wands
D:9:      layout_roguey, gammafunk_ghost_ooze, hangedman_decor_clover_reticule,
          nicolae_letterblocks [nicolae_letter_subblock,
          nicolae_letter_subblock, nicolae_letter_subblock,
          nicolae_letter_subblock, nicolae_letter_subblock,
          nicolae_letter_subblock, nicolae_letter_subblock,
          nicolae_letter_subblock, nicolae_letter_subblock,
          nicolae_letter_subblock, nicolae_letter_subblock,
          nicolae_letter_subblock, nicolae_letter_subblock,
          nicolae_letter_subblock, nicolae_letter_subblock,
          nicolae_letter_subblock, nicolae_letter_subblock,
          nicolae_letter_subblock, nicolae_letter_subblock,
          nicolae_letter_subblock, nicolae_letter_subblock,
          nicolae_letter_subblock, nicolae_letter_subblock,
          nicolae_letter_subblock, nicolae_letter_subblock]
D:10:     layout_loops_ring
D:11:     minmay_opposing_rooms, layout_basic, lair_entry_dummy, erik_orc_1
D:12:     layout_roguey, nrook_guardian_serpent_ordinary
Lair:1:   minmay_lair_venomous_thicket, layout_loops_ring, lemuel_fruit_tree,
          uniq_maggie
Lair:2:   lemuel_ratsnest, layout_regular_city,
          mainiacjoe_swamp_entry_angry_trees, uniq_amaemon
Orc:1:    layout_caves, gammafunk_ghost_necromancy
Orc:2:    kennysheep_orc_mage_school, layout_diamond_mine,
          lightli_volcano_entry_magma_tube, nicolae_orc_beogh_chapel,
          nicolae_orc_seminary

Skill      XL: |  1  2  3  4  5  6  7  8  9 10 11 12 |
---------------+-------------------------------------+-----
Axes           | 3 4 5 6 7 9 11 14 16 | 16.0
Fighting       | 4 7 9 11 | 11.4
Armour         | 4 7 9 11 | 11.3
Shields        | 4 7 9 11 | 11.3

Action                     |  1- 3 |  4- 6 |  7- 9 | 10-12 || total
---------------------------+-------+-------+-------+-------++-------
  Melee: War axe           |    94 |   193 |   407 |   722 ||  1416
  Throw: Dart              |     3 |     9 |    17 |    11 ||    40
Ability: Lunge             |       |       |    40 |    56 ||    96
         Whirlwind         |       |       |    59 |   112 ||   171
         Wall Jump         |       |       |       |     1 ||     1
  Evoke: Wand              |       |       |       |    20 ||    20
    Use: Potion            |     1 |       |     1 |     4 ||     6
         Scroll            |     1 |     4 |     9 |    10 ||    24
   Stab: Invisible         |       |       |       |     1 ||     1
 Armour: Scale mail        |    32 |       |       |       ||    32
         Chain mail        |    22 |   133 |   222 |    55 ||   432
         Plate armour      |       |       |       |   375 ||   375
  Dodge: Dodged            |    42 |    55 |    78 |    92 ||   267
  Block: Buckler           |    21 |    24 |    34 |       ||    79
         Kite shield       |       |       |    42 |   363 ||   405

Table legend: (Time is in decaauts)
 A = Elapsed time spent in this place.
 B = Non-inter-level travel time spent in this place.
 C = Inter-level travel time spent in this place.
 D = Time resting spent in this place.
 E = Time spent auto-exploring this place.
 F = Levels seen in this place.
 G = Mean time per level.
                   A        B        C        D        E       F      G
               +--------+--------+--------+--------+--------+-----+--------+
         Total |  15219 |  14502 |    717 |   2238 |   9174 |  17 |  895.2 |
       Dungeon |  12281 |  11657 |    624 |   1693 |   7476 |  12 | 1023.4 |
          Lair |   2214 |   2137 |     77 |    535 |   1232 |   2 | 1107.0 |
  Orcish Mines |    176 |    161 |     15 |      0 |    111 |   2 |   88.0 |
         Sewer |    546 |    546 |      0 |      9 |    355 |   1 |  546.0 |
               +--------+--------+--------+--------+--------+-----+--------+

Top non-repeatable levels by time:
  Lair:1: 2190 daAuts
    D:11: 1695 daAuts
     D:8: 1318 daAuts
     D:7: 1226 daAuts
     D:3: 1122 daAuts
     D:5: 1072 daAuts
     D:9: 1061 daAuts
     D:6: 985 daAuts
    D:10: 982 daAuts
     D:4: 956 daAuts
     D:2: 775 daAuts
     D:1: 725 daAuts
   Sewer: 546 daAuts
    D:12: 358 daAuts
   Orc:1: 151 daAuts
